 Dungeon Crawl Stone Soup version 0.30-a0-629-gd54f4be4f7 (webtiles) character file.

Game seed: 10936782259569651034

144 themarg the Insei (level 5, -1/41 HPs)
             Began as a Gnoll Transmuter on Jan 12, 2023.
             Slain by Crazy Yiuf
             ... wielding a +4 quarterstaff of chaos
              (7 damage)
             ... on level 3 of the Dungeon.
             The game lasted 00:04:42 (2510 turns).

themarg the Insei (Gnoll Transmuter)                Turns: 2510, Time: 00:04:42

Health: -1/41      AC:  2    Str:  9    XL:     5   Next: 27%
Magic:  9/12       EV: 22    Int: 14    God:
Gold:   134        SH:  0    Dex: 18    Spells: 8/14 levels left

rFire   + . .      SeeInvis .      - Unarmed
rCold   + . .      Faith    .    (shield currently unavailable)
rNeg    . . .      Spirit   .    (body armour currently unavailable)
rPois   .          Reflect  .    (helmet currently unavailable)
rElec   +          Harm     .    (cloak currently unavailable)
rCorr   +          Rampage  .    (gloves currently unavailable)
Will    .....                    (boots currently unavailable)
Stlth   ++                       (no amulet)
HPRegen 0.26/turn                (no ring)
MPRegen 0.13/turn                (no ring)

@: spider-form (expiring), resistant
A: venomous fangs, tiny, (fangs 1), strong nose, distributed training
a: End Transformation


You were on level 3 of the Dungeon.
You were a venomous arachnid creature.
You visited 1 branch of the dungeon, and saw 3 of its levels.

You collected 134 gold pieces.

Inventory:

Missiles
 c - 49 stones
 q - 7 poisoned darts
Armour
 a - a +0 robe (melded)
 o - a +0 cloak (melded)
 p - a +0 helmet
Scrolls
 d - 3 scrolls of vulnerability {unknown}
 e - a scroll of torment {unknown}
 g - 6 scrolls of teleportation {unknown}
 h - 3 scrolls of identify {unknown}
 j - a scroll of butterflies {unknown}
 l - a scroll of noise {unknown}
Potions
 b - a potion of lignification
 f - 3 potions of curing
 i - a potion of heal wounds {unknown}
 k - a potion of invisibility {unknown}
 m - 2 potions of ambrosia {unknown}
 n - 3 potions of magic {unknown}
 r - 2 potions of degeneration {unknown}


   Skills:
 + Level 3.0 Fighting
 + Level 1.5 Short Blades
 + Level 1.5 Long Blades
 + Level 1.5 Axes
 + Level 1.5 Maces & Flails
 + Level 1.5 Polearms
 + Level 1.5 Staves
 + Level 1.5 Ranged Weapons
 + Level 1.5 Throwing
 + Level 1.5 Armour
 + Level 4.8 Dodging
 + Level 1.5 Stealth
 + Level 1.5 Shields
 + Level 6.7 Unarmed Combat
 + Level 5.2 Spellcasting
 + Level 1.2 Conjurations
 + Level 1.2 Hexes
 + Level 1.2 Summonings
 + Level 1.2 Necromancy
 + Level 1.2 Translocations
 + Level 4.0 Transmutations
 + Level 1.2 Fire Magic
 + Level 1.2 Ice Magic
 + Level 1.2 Air Magic
 + Level 1.2 Earth Magic
 + Level 1.2 Poison Magic
 + Level 1.7 Invocations
 + Level 1.5 Evocations


You had 8 spell levels left.
You knew the following spells:

 Your Spells              Type           Power      Damage    Failure   Level
a - Beastly Appendage     Tmut           28%        N/A       11%         1
b - Wereblood             Tmut           14%        N/A       14%         2
c - Spider Form           Tmut/Pois      10%        N/A       38%         3

Your spell library contained the following spells:

 Spells                   Type           Power      Damage    Failure   Level
 Cigotuvi's Dreadful Rot  Necr/Pois/Air  14%        N/A       34%         2
 Ozocubu's Armour         Ice            7%         N/A       52%         3
 Portal Projectile        Hex/Tloc       14%        N/A       52%         3
 Tukima's Dance           Hex            7%         N/A       52%         3
 Ice Form                 Ice/Tmut       10%        N/A       73%         4
 Blade Hands              Tmut           7%         N/A       85%         5
 Dispel Undead            Necr           7%         3d8       87%         4
 Death Channel            Necr           3%         N/A       100%        6
 Ozocubu's Refrigeration  Ice            3%         4d8       100%        7


Dungeon Overview and Level Annotations

Branches:
Dungeon (3/15)

Altars:

Annotations:
D:3 Crazy Yiuf


Innate Abilities, Weirdness & Mutations

You are a venomous arachnid creature.
You have venomous fangs.
You are tiny and dextrous.
Your spellcasting is less reliable in this form.
Your armour is entirely melded.
You are incapable of wielding weapons or throwing items.
((You have very sharp teeth.))
Your uncanny sense of smell can sniff out nearby items.
Your experience applies equally to all skills.


Message History

The frilled lizard hisses angrily.
You grow a pair of large bovine horns.
Your feet morph into talons.
You hit the frilled lizard. Your kick misses the frilled lizard.
Your headbutt misses the frilled lizard.
The frilled lizard is heavily wounded.
The frilled lizard bites you.
You hit the frilled lizard.
You kill the frilled lizard!
Your Transmutations skill increases to level 4!
Your transformation is almost over.
You see here a +0 dagger.
Your horns disappear.
Your talons disappear.
There is a stone staircase leading down here.
You see here a +0 dagger of venom.
Found a hammer.
Found a runed translucent door.
The spell is quite dangerous to miscast (19% risk of failure)!
Continue anyway?
You turn into a venomous arachnid creature.
Your +0 cloak melds into your body.
Your +0 robe melds into your body.
You open the door.
Crazy Yiuf cries, "Pitchfork disdain verde!"
You hit Crazy Yiuf.
Crazy Yiuf is lightly wounded.
Crazy Yiuf hits you with a +4 quarterstaff of chaos!
You hit Crazy Yiuf.
Crazy Yiuf is moderately wounded.
Crazy Yiuf completely misses you.
You hit Crazy Yiuf but do no damage.
Crazy Yiuf is poisoned.
Crazy Yiuf is moderately wounded.
Crazy Yiuf hits you with a +4 quarterstaff of chaos!
You feel protected.
You hit Crazy Yiuf.
Crazy Yiuf is moderately wounded.
Crazy Yiuf hits you with a +4 quarterstaff of chaos!
* * * LOW HITPOINT WARNING * * *
You bite Crazy Yiuf!
Crazy Yiuf is almost dead.
Your transformation is almost over.
Crazy Yiuf screams, "Whiteboard chair water!"
Crazy Yiuf hits you with a +4 quarterstaff of chaos!
You die...

##..## #.).##..
#....# ###.####
♣...P♣
#####.####
♣♣P..♣
#..))...##
♣♣.♣♣
#.###.#.## ♣♣.♣
#.###.#.## ♣.♣♣
#.##..#.## ♣♣.♣
#.##.##.## ♣s♣♣
#.##.##.## #g#
#.......## ...
####.#####
#...# #.# ##
#)..# #.# #.
##### ######>#
#. #......####.
########
#######.....#
#......#
###.#####.####.


You could see Crazy Yiuf (very poisoned).

Vanquished Creatures
  Terence (D:3)
  An iguana (D:3)
  Robin (D:3)
  An adder (D:3)
  2 dart slugs (D:1)
  5 orcs (D:3)
  4 ball pythons
  4 endoplasms
  2 giant cockroaches
  8 hobgoblins
  2 quokkas
  3 bats (D:1)
  2 frilled lizards
  9 goblins
  12 kobolds
  5 rats
62 creatures vanquished.

Notes
Turn   | Place    | Note
-------+----------+-------------------------------------------
     0 | D:1      | themarg the Gnoll Transmuter began the quest for the Orb.
     0 | D:1      | Reached XP level 1. HP: 17/17 MP: 6/6
   138 | D:1      | Reached XP level 2. HP: 23/23 MP: 5/7
   143 | D:1      | Learned a level 2 spell: Wereblood
   458 | D:1      | Reached skill level 5 in Spellcasting
   458 | D:1      | Reached XP level 3. HP: 28/28 MP: 6/9
   462 | D:1      | Learned a level 3 spell: Spider Form
   627 | D:1      | Reached skill level 1 in Invocations
   973 | D:2      | Found a faded altar of an unknown god.
  1165 | D:2      | Reached skill level 1 in Short Blades
  1165 | D:2      | Reached skill level 1 in Long Blades
  1165 | D:2      | Reached skill level 1 in Axes
  1165 | D:2      | Reached skill level 1 in Maces & Flails
  1165 | D:2      | Reached skill level 1 in Polearms
  1165 | D:2      | Reached skill level 1 in Staves
  1165 | D:2      | Reached skill level 1 in Ranged Weapons
  1165 | D:2      | Reached skill level 1 in Throwing
  1165 | D:2      | Reached skill level 1 in Armour
  1165 | D:2      | Reached skill level 1 in Stealth
  1165 | D:2      | Reached skill level 1 in Shields
  1165 | D:2      | Reached skill level 1 in Evocations
  1580 | D:3      | Noticed Robin
  1593 | D:3      | Killed Robin
  1594 | D:3      | Reached XP level 4. HP: 15/34 MP: 6/11
  1607 | D:3      | Reached skill level 1 in Conjurations
  1607 | D:3      | Reached skill level 1 in Hexes
  1607 | D:3      | Reached skill level 1 in Summonings
  1607 | D:3      | Reached skill level 1 in Necromancy
  1607 | D:3      | Reached skill level 1 in Translocations
  1607 | D:3      | Reached skill level 1 in Fire Magic
  1607 | D:3      | Reached skill level 1 in Ice Magic
  1607 | D:3      | Reached skill level 1 in Air Magic
  1607 | D:3      | Reached skill level 1 in Earth Magic
  1607 | D:3      | Reached skill level 1 in Poison Magic
  1988 | D:3      | Reached XP level 5. HP: 38/40 MP: 8/12
  1990 | D:3      | Noticed Terence
  1996 | D:3      | Killed Terence
  2500 | D:3      | Found a runed translucent door.
  2501 | D:3      | Noticed Crazy Yiuf
  2510 | D:3      | Slain by Crazy Yiuf

Illustrated notes

Levels and vault maps discovered:
D:1:      minmay_arrival_four_houses, layout_rooms
D:2:      layout_loops_ring, shapermc_ecumenical_altar_petra
D:3:      layout_loops_cross, uniq_crazy_yiuf_cottage, uniq_robin, uniq_terence

Skill      XL: |  1  2  3  4  5 |
---------------+----------------+-----
Spellcasting   | 5 |  5.2
Invocations    | 1 |  1.7
Short Blades   | 1 |  1.5
Long Blades    | 1 |  1.5
Axes           | 1 |  1.5
Maces & Flails | 1 |  1.5
Polearms       | 1 |  1.5
Staves         | 1 |  1.5
Ranged Weapons | 1 |  1.5
Throwing       | 1 |  1.5
Armour         | 1 |  1.5
Stealth        | 1 |  1.5
Shields        | 1 |  1.5
Evocations     | 1 |  1.5
Conjurations   | 1 |  1.2
Hexes          | 1 |  1.2
Summonings     | 1 |  1.2
Necromancy     | 1 |  1.2
Translocations | 1 |  1.2
Fire Magic     | 1 |  1.2
Ice Magic      | 1 |  1.2
Air Magic      | 1 |  1.2
Earth Magic    | 1 |  1.2
Poison Magic   | 1 |  1.2
Fighting       | 3 |  3.0
Transmutations | 4 |  4.0
Dodging        | |  4.8
Unarmed Combat | |  6.7

Action                   |  1- 3 |  4- 6 || total
-------------------------+-------+-------++-------
Melee: Unarmed           |   103 |    37 ||   140
       Kick              |    20 |       ||    20
       Bite              |     4 |       ||     4
       Punch             |     2 |       ||     2
       Headbutt          |    11 |       ||    11
 Cast: Beastly Appendage |    29 |     1 ||    30
       Spider Form       |     1 |     9 ||    10
       Wereblood         |     1 |     1 ||     2
 Stab: Sleeping          |     1 |     1 ||     2
Armor: Robe              |    12 |       ||    12
       Skin              |     1 |     1 ||     2
Dodge: Dodged            |    53 |    18 ||    71

Table legend: (Time is in decaauts)
 A = Elapsed time spent in this place.
 B = Non-inter-level travel time spent in this place.
 C = Inter-level travel time spent in this place.
 D = Time resting spent in this place.
 E = Time spent auto-exploring this place.
 F = Levels seen in this place.
 G = Mean time per level.
                   A        B        C        D        E       F      G
               +--------+--------+--------+--------+--------+-----+--------+
         Total |   2492 |   2439 |     53 |     92 |   1966 |   3 |  830.7 |
       Dungeon |   2492 |   2439 |     53 |     92 |   1966 |   3 |  830.7 |
               +--------+--------+--------+--------+--------+-----+--------+

Top non-repeatable levels by time:
     D:3: 1007 daAuts
     D:2: 827 daAuts
     D:1: 657 daAuts
